 Dungeon Sprint DCSS version 0.30-a0-1160-g6e42c06551 (webtiles) character file.

Game seed: 18180956812874187626

64826 BigDaddyOpFi the End of an Era (level 15, -19/160 HPs)
             Began as a Hill Orc Fighter on Apr 26, 2023.
             Was the Champion of Qazlal.
             Killed from afar by a quicksilver dragon (26 damage)
             ... with a bolt of dispelling energy
             ... in the Dungeon (Sprint VII: "The Pits").
             The game lasted 00:07:30 (3373 turns).

BigDaddyOpFi the End of an Era (Hill Orc Fighter)   Turns: 3373, Time: 00:07:31

Health: -19/160    AC: 41    Str: 30    XL:     15   Next: 14%
Magic:  2/32       EV:  9    Int:  8    God:    Qazlal [******]
Gold:   8          SH: 17    Dex: 10    Spells: 14/14 levels left

rFire   . . .        q - +16 consecrated labrys {holy, Valiant Fragile Fly SInv}
rCold   . . .        c - +0 buckler
rNeg    . . .        n - +7 plate armour {ponderous}
rPois   .            (no helmet)
rElec   .            z - +1 cloak
rCorr   .            p - +1 pair of gloves {infuse}
SInv    +            B - +1 pair of boots
Will    +....        (no amulet) Stlth
                     b - +3 ring of strength
HPRegen 0.46/turn    l - +3 ring of protection
MPRegen 0.23/turn

%: no teleportation, repel missiles, infuse magic (1 MP)
@: lethally poisoned (-19 -> -27), protected from physical damage, flying,
hasted (expiring), studying Necromancy, very quick
A: no striking features
a: Renounce Religion, Upheaval, Elemental Force, Disaster Area


You were in the Dungeon.
You worshipped Qazlal.
Qazlal was exalted by your worship.
You visited 1 branch You collected 8 gold pieces.

Inventory:

Hand Weapons
 q - the +16 consecrated labrys (weapon) {holy, Valiant Fragile Fly SInv}
   (You found it in the Dungeon)

   Valiant:   It becomes more powerful as more dangerous foes come into view.
   SInv:      It lets you see invisible.
   Fly:       It grants you flight.
   Fragile:   It will be destroyed if unequipped.
Armour
 c - a +0 buckler (worn)
 n - a +7 plate armour of ponderousness (worn)
 p - a +1 pair of gloves of infusion (worn)
 z - a +1 cloak (worn)
 B - a +1 pair of boots (worn)
Jewellery
 b - a +3 ring of strength (left hand)
 l - a +3 ring of protection (right hand)
 r - a ring of willpower
 s - a ring of willpower
 w - a ring of protection from cold
 x - a ring of flight
Wands
 o - a wand of mindburst (4)
 y - a wand of iceblast (5)
 A - a wand of polymorph (3)
 C - a wand of flame (13)
Scrolls
 j - 4 scrolls of identify
 u - 4 scrolls of enchant weapon
 v - 4 scrolls of fear
Potions
 a - a potion of might
 d - 10 potions of heal wounds
 e - 9 potions of curing
 f - a potion of brilliance
 g - 4 potions of haste
 h - 3 potions of magic
 i - 5 potions of berserk rage
 k - 2 potions of invisibility
 m - a potion of resistance


   Skills:
 + Level 22.1 Fighting
 + Level 23.8 Axes
 + Level 20.5 Armour
 + Level 20.5 Shields
 O Level 27 Invocations


You had 14 spell levels left.
You didn't know any spells.
Your spell library contained the following spells:

 Spells                   Type           Power      Damage    Failure   Level
 Apportation              Tloc           0%         N/A       87%         1
 Necrotise                Necr           0%         1d4       87%         1
 Slow                     Hex            0%         N/A       87%         1
 Summon Small Mammal      Summ           0%         N/A       87%         1
 Confusing Touch          Hex            0%         N/A       99%         3
 Vampiric Draining        Necr           0%         2d6       99%         3


Dungeon Overview and Level Annotations

Branches:
Dungeon (1/1)

Altars:
Ashenzari
Cheibriados
Dithmenos
Elyvilon
Fedhas
Gozag
Hepliaklqana
Kikubaaqudgha
Makhleb
Nemelex Xobeh
Okawaru
Qazlal
Ru
Sif Muna
Trog
Uskayaw
Vehumet
Wu Jian
Xom
Yredelemnul
Zin
The Shining One
Beogh
Jiyva
Lugonu


Message History

The swamp dragon is flash-frozen.
The blast of rubble hits the nagaraja!!!
The nagaraja is almost dead.
The blast of rubble hits the quicksilver dragon!
The quicksilver dragon is lightly wounded.
The blast of magma engulfs the swamp dragon!
You kill the swamp dragon!
Qazlal accepts your kill.
The cutting wind hits the nagaraja!!!
You kill the nagaraja!
Qazlal accepts your kill.
The cutting wind hits the quicksilver dragon!
The quicksilver dragon is moderately wounded.
You hear a sizzling sound!
The blast of ice hits the orc warrior!!
You kill the orc warrior!
Qazlal accepts your kill.
You feel sick. The ghoul claws you but does no damage.
You block the ghoul's attack.
Unknown command.
Okay, then.
Blink to where?
Press: ? - help, Dir - move target
As you read the scroll of blinking, it crumbles to dust.
You feel sick.
Unknown command.
Okay, then.
You feel yourself speed up.
You feel sick.
The ghoul is no longer encased in ice.
The nagaraja spits poison at you. The splash of poison hits you!
You are more poisoned.
* * * LOW HITPOINT WARNING * * *
* * * LOW HITPOINT WARNING * * *
You feel sick.
The nagaraja is no longer encased in ice.
The quicksilver dragon breathes dispelling energy at you.
The bolt of dispelling energy hits you!!
Your magical effects are unravelling.
You die...

##### ## ##### #### .≈≈.. . .....
#..# ..#≈# ≈ .....##..# .##.≈.##.
†... #...# #.e..≈≈≈###)) ##...#
.....≈..†≈#####..#.#
#.)...)§.[...○..#
#e##..§.)≈#○..##.#
#))§nD≈≈≈[≈@☼...#
..≈.≈)).)N.#####[.#.######++####
#..≈[≈).###.≈≈≈##.).##..........
≈##.≈≈##≈ .≈≈≈ #..÷##..........
..#≈# . ...≈.##..''..#....#..
.≈.[. ≈. ..... #..''..........
##### ## ##### #####..........
#######################..#....#..
#....................''....≈≈....


You could see a ghoul, a quicksilver dragon (catching breath) and a nagaraja
(fast).

Vanquished Creatures
  A bone dragon (D)
  A deep elf blademaster (D)
  Frances (D)
  A daeva (D)
  2 nagarajas (D)
  An emperor scorpion (D)
  A ghost moth (D)
  2 orc warlords (D)
  A ghoul (D)
  A war gargoyle (D)
  A spriggan defender (D)
  2 vampire knights (D)
  A deep elf annihilator (D)
  A red draconian (D)
  A purple draconian (D)
  An eidolon (D)
  A blizzard demon (D)
  2 fire dragons (D)
  A great orb of eyes (D)
  An ice dragon (D)
  A yaktaur captain (D)
  2 ogre magi (D)
  2 hydras (D)
  An anaconda (D)
  A hell beast (D)
  A naga warrior (D)
  A boulder beetle (D)
  6 two-headed ogres (D)
  Erica (D)
  A death yak (D)
  A spriggan berserker (D)
  4 hell hogs (D)
  A sun demon (D)
  3 deep elf knights (D)
  A deep troll (D)
  A shadow wraith (D)
  A spriggan druid (D)
  3 swamp dragons (D)
  4 bog bodies (D)
  A flayed ghost (D)
  15 orc knights (D)
  A phantasmal warrior (D)
  A deep elf pyromancer (D)
  An ugly thing (D)
  3 orc sorcerers (D)
  2 guardian serpents (D)
  An eye of devastation (D)
  2 molten gargoyles (D)
  2 gargoyles (D)
  2 smoke demons (D)
  An orange demon (D)
  4 kobold demonologists (D)
  A yaktaur (D)
  A komodo dragon (D)
  A freezing wraith (D)
  2 ice devils (D)
  2 polar bears (D)
  A guardian mummy (D)
  A merfolk (D)
  A tarantella (D)
  2 hornets (D)
  A hellwing (D)
  A tyrant leech (D)
  A troll (D)
  Grinder (D)
  2 large abominations (D)
  2 slime creatures (D)
  A flying skull (D)
  An air elemental (D)
  3 shadows (D)
  2 jumping spiders (D)
  A vampire (D)
  3 ynoxinuls (D)
  3 spriggans (D)
  A fire bat (D)
  5 yaks (D)
  A chaos spawn (D)
  A fire elemental (D)
  2 wargs (D)
  A wandering mushroom (D)
  5 orc warriors (D)
  6 ogres (D)
  2 centaurs (D)
  2 kobold brigands (D)
  2 bullfrogs (D)
  2 scorpions (D)
  A necrophage (D)
  5 killer bees (D)
  A hound (D)
  3 orc priests (D)
  An iron imp (D)
  An orc wizard (D)
  A river rat (D)
  A white imp (D)
  An ufetubus (D)
  2 adder zombies (D)
  A worm (D)
  2 orcs (D)
  3 ball pythons (D)
  A bat zombie (D)
  3 giant cockroaches (D)
  A goblin (D)
  7 kobolds (D)
  A quokka (D)
  A ball python simulacrum (D)
  2 ball python skeletons (D)
  A ball python zombie (D)
  2 frilled lizards (D)
  A jackal zombie (D)
  A quokka skeleton (D)
204 creatures vanquished.

Vanquished Creatures (collateral kills)
  An orc warlord (D)
  A redback (D)
  4 orc priests (D)
  2 orcs (D)
8 creatures vanquished.

Grand Total: 212 creatures vanquished

Notes
Turn   | Place    | Note
-------+----------+-------------------------------------------
     0 | D        | BigDaddyOpFi the Hill Orc Fighter began the quest for the
                  | Orb.
     0 | D        | Reached XP level 1. HP: 19/19 MP: 1/1
    24 | D        | Found a bloodstained altar of Trog.
    24 | D        | Found a shimmering blue altar of Sif Muna.
    24 | D        | Found a viscous altar of Jiyva.
    24 | D        | Found a hazy altar of Hepliaklqana.
    24 | D        | Found an opulent altar of Gozag.
    25 | D        | Found a glowing golden altar of the Shining One.
    25 | D        | Found a glowing silver altar of Zin.
    25 | D        | Found a basalt altar of Yredelemnul.
    25 | D        | Found a shimmering altar of Xom.
    25 | D        | Found an ornate altar of the Wu Jian Council.
    25 | D        | Found a sacrificial altar of Ru.
    25 | D        | Found a stormy altar of Qazlal.
    25 | D        | Found an iron altar of Okawaru.
    25 | D        | Found a sparkling altar of Nemelex Xobeh.
    25 | D        | Found a burning altar of Makhleb.
    25 | D        | Found a blossoming altar of Fedhas.
    25 | D        | Found a white marble altar of Elyvilon.
    25 | D        | Found a shadowy altar of Dithmenos.
    25 | D        | Found a snail-covered altar of Cheibriados.
    26 | D        | Found a radiant altar of Vehumet.
    26 | D        | Found a corrupted altar of Lugonu.
    26 | D        | Found a roughly hewn altar of Beogh.
    27 | D        | Found a hide-covered altar of Uskayaw.
    27 | D        | Found an ancient bone altar of Kikubaaqudgha.
    27 | D        | Found a broken altar of Ashenzari.
    30 | D        | Became a worshipper of Qazlal Stormbringer
    57 | D        | Noticed a scorpion
    61 | D        | Reached XP level 2. HP: 18/27 MP: 2/2
    64 | D        | Killed a scorpion
    64 | D        | Reached * piety under Qazlal
    65 | D        | Reached skill level 5 in Fighting
    65 | D        | Reached skill level 5 in Axes
    65 | D        | Reached skill level 5 in Invocations
    65 | D        | Reached XP level 3. HP: 34/36 MP: 2/6
    65 | D        | Reached XP level 4. HP: 39/42 MP: 2/7
    72 | D        | Noticed a bullfrog
    72 | D        | Noticed a scorpion
    74 | D        | Killed a bullfrog
    74 | D        | Reached ** piety under Qazlal
    75 | D        | Reached skill level 5 in Armour
    75 | D        | Reached skill level 5 in Shields
    75 | D        | Reached skill level 6 in Invocations
    75 | D        | Reached XP level 5. HP: 46/50 MP: 3/10
    82 | D        | Reached skill level 7 in Invocations
   136 | D        | Noticed Grinder
   137 | D        | Noticed a warg
   150 | D        | Reached *** piety under Qazlal
   151 | D        | Reached skill level 8 in Invocations
   151 | D        | Reached XP level 6. HP: 51/60 MP: 10/12
   161 | D        | Killed a warg
   162 | D        | Reached skill level 10 in Invocations
   171 | D        | Killed Grinder
   171 | D        | Reached **** piety under Qazlal
   172 | D        | Reached skill level 11 in Invocations
   172 | D        | Reached XP level 7. HP: 69/69 MP: 12/15
   195 | D        | Noticed a fire bat
   217 | D        | Killed a fire bat
   218 | D        | Reached skill level 12 in Invocations
   331 | D        | Noticed Erica
   339 | D        | Killed Erica
   340 | D        | Reached skill level 10 in Axes
   340 | D        | Reached skill level 13 in Invocations
   340 | D        | Reached XP level 8. HP: 35/79 MP: 16/18
   575 | D        | Reached ***** piety under Qazlal
   585 | D        | Reached skill level 10 in Fighting
   633 | D        | Noticed a flying skull
   642 | D        | Killed a flying skull
   643 | D        | Reached skill level 14 in Invocations
   657 | D        | Found the +4 consecrated labrys {holy, Valiant Fragile Fly
                  | SInv}
   769 | D        | Noticed a smoke demon
   770 | D        | Noticed a komodo dragon
   774 | D        | Killed a smoke demon
   775 | D        | Reached XP level 9. HP: 49/86 MP: 18/20
   777 | D        | Killed a komodo dragon
   778 | D        | Reached skill level 10 in Shields
   778 | D        | Reached skill level 15 in Invocations
   819 | D        | Noticed a boulder beetle
   819 | D        | Noticed a kobold demonologist
   819 | D        | Noticed a hellwing
   820 | D        | Reached ****** piety under Qazlal
   820 | D        | Killed a kobold demonologist
   821 | D        | Reached skill level 10 in Armour
   823 | D        | Killed a hellwing
   824 | D        | Reached skill level 16 in Invocations
   826 | D        | Killed a boulder beetle
   827 | D        | Reached XP level 10. HP: 88/97 MP: 13/22
   921 | D        | Noticed a seven-headed hydra
   923 | D        | Noticed a kobold demonologist
   926 | D        | Killed a kobold demonologist
   928 | D        | Killed a ten-headed hydra
   929 | D        | Reached skill level 17 in Invocations
   943 | D        | Noticed an orc sorcerer
   950 | D        | Killed an orc sorcerer
   951 | D        | Reached skill level 18 in Invocations
  1131 | D        | Noticed a vampire knight
  1136 | D        | Noticed a death yak
  1138 | D        | Noticed a gargoyle
  1141 | D        | Killed a vampire knight
  1142 | D        | Reached skill level 19 in Invocations
  1142 | D        | Reached XP level 11. HP: 107/107 MP: 2/24
  1144 | D        | Killed a death yak
  1374 | D        | Noticed an orc sorcerer
  1377 | D        | Killed an orc sorcerer
  1414 | D        | Noticed a phantasmal warrior
  1414 | D        | Noticed a shadow wraith
  1417 | D        | Killed a phantasmal warrior
  1417 | D        | Killed a shadow wraith
  1418 | D        | Reached skill level 15 in Axes
  1418 | D        | Reached skill level 20 in Invocations
  1418 | D        | Noticed a ghost moth
  1429 | D        | Killed a ghost moth
  1430 | D        | Reached skill level 21 in Invocations
  1754 | D        | Noticed a deep elf annihilator
  1766 | D        | Killed a deep elf annihilator
  1767 | D        | Reached skill level 15 in Fighting
  1767 | D        | Reached XP level 12. HP: 119/119 MP: 26/26
  1801 | D        | Noticed a vampire knight
  1804 | D        | Killed a vampire knight
  1805 | D        | Reached skill level 22 in Invocations
  1860 | D        | Noticed an eidolon
  1860 | D        | Noticed a spriggan defender
  1861 | D        | Killed a spriggan defender
  1861 | D        | Killed an eidolon
  1938 | D        | Noticed a hell hog
  1938 | D        | Noticed a hell hog
  1939 | D        | Noticed an orc warlord
  1939 | D        | Noticed an orc warlord
  1939 | D        | Noticed a hell hog
  1939 | D        | Noticed a yaktaur captain
  1939 | D        | Noticed Frances
  1939 | D        | Noticed a hell hog
  1940 | D        | Noticed a great orb of eyes
  1941 | D        | Killed a hell hog
  1941 | D        | Killed a hell hog
  1941 | D        | Killed a hell hog
  1941 | D        | Noticed a naga warrior
  1942 | D        | Reached skill level 15 in Armour
  1942 | D        | Reached skill level 15 in Shields
  1942 | D        | Reached skill level 23 in Invocations
  1942 | D        | Killed an orc warlord
  1942 | D        | Killed Frances
  1942 | D        | Killed a yaktaur captain
  1942 | D        | Killed a great orb of eyes
  1942 | D        | Killed a hell hog
  1942 | D        | Killed an orc warlord
  1943 | D        | Reached skill level 25 in Invocations
  1943 | D        | Reached XP level 13. HP: 114/133 MP: 11/29
  1963 | D        | Reached skill level 26 in Invocations
  2722 | D        | Noticed a red draconian
  2723 | D        | Killed a red draconian
  2724 | D        | Reached skill level 27 in Invocations
  2724 | D        | Reached XP level 14. HP: 144/144 MP: 22/31
  3078 | D        | Noticed an emperor scorpion
  3082 | D        | Killed an emperor scorpion
  3333 | D        | Noticed a deep elf blademaster
  3336 | D        | Noticed a daeva
  3337 | D        | Killed a deep elf blademaster
  3338 | D        | Noticed a bone dragon
  3338 | D        | Noticed a purple draconian
  3339 | D        | Killed a daeva
  3339 | D        | Killed a purple draconian
  3340 | D        | Noticed a nagaraja
  3344 | D        | Noticed a war gargoyle
  3345 | D        | Killed a nagaraja
  3346 | D        | Noticed a ghoul
  3348 | D        | Killed a bone dragon
  3348 | D        | Killed a war gargoyle
  3348 | D        | Noticed an orc warlord
  3350 | D        | Noticed a ghoul
  3356 | D        | Noticed a nagaraja
  3358 | D        | Killed an orc warlord
  3359 | D        | Reached XP level 15. HP: 74/160 MP: 16/32
  3359 | D        | Noticed a nagaraja
  3362 | D        | Killed a ghoul
  3368 | D        | Noticed a quicksilver dragon
  3370 | D        | Killed a nagaraja
  3373 | D        | HP: 7/160 [poisoned by a nagaraja (splash of poison)]
  3373 | D        | Killed from afar by a quicksilver dragon

Illustrated notes

Levels and vault maps discovered:
D:        pitsprint [storerooms_1, entrance_room_1, metal_vault_3, armoury_3,
          mini_pit_1, grid_room_1, main_hall_1, silver_pit, the_coven_2,
          the_vestibule_1, steel_vault_2, golden_pit, hallway_of_sentries,
          crystal_vault_2, iron_vault_4, final_vault]

Skill      XL: |  1  2  3  4  5  6  7  8  9 10 11 12 13 14 15 |
---------------+----------------------------------------------+-----
Fighting       | 4 5 6 7 8 9 10 11 13 15 17 18 21 22 | 22.1
Axes           | 3 5 6 7 8 10 11 12 14 16 18 20 23 | 23.8
Armour         | 4 5 6 7 9 10 12 13 16 17 20 | 20.5
Shields        | 4 5 6 7 9 10 12 13 16 17 20 | 20.5
Invocations    | 5 6 8 11 13 14 16 19 21 25 27 | 27.0

Action                     |  1- 3 |  4- 6 |  7- 9 | 10-12 | 13-15 || total
---------------------------+-------+-------+-------+-------+-------++-------
  Melee: War axe           |    13 |    42 |    41 |       |       ||    96
         Labrys            |       |       |     8 |    77 |    62 ||   147
 Invoke: Disaster Area     |       |       |     1 |     8 |     7 ||    16
         Upheaval          |       |       |       |     2 |     2 ||     4
         Elemental Force   |       |       |       |       |     1 ||     1
    Use: Potion            |     2 |     2 |     2 |     1 |     6 ||    13
         Scroll            |       |       |       |     2 |     1 ||     3
   Stab: Paralysed         |       |       |       |       |     1 ||     1
 Armour: Scale mail        |    16 |     3 |       |       |       ||    19
         Ring mail         |       |     7 |    16 |       |       ||    23
         Plate armour      |       |       |     2 |    55 |    43 ||   100
  Dodge: Dodged            |     8 |    15 |    17 |    27 |    15 ||    82
         Repelled          |       |       |     1 |       |     3 ||     4
  Block: Buckler           |     3 |    14 |    35 |    71 |    37 ||   160

Table legend: (Time is in decaauts)
 A = Elapsed time spent in this place.
 B = Non-inter-level travel time spent in this place.
 C = Inter-level travel time spent in this place.
 D = Time resting spent in this place.
 E = Time spent auto-exploring this place.
 F = Levels seen in this place.
 G = Mean time per level.
                   A        B        C        D        E       F      G
               +--------+--------+--------+--------+--------+-----+--------+
         Total |   3385 |   3221 |    164 |   2038 |      0 |   1 | 3385.0 |
       Dungeon |   3385 |   3221 |    164 |   2038 |      0 |   1 | 3385.0 |
               +--------+--------+--------+--------+--------+-----+--------+

Top non-repeatable levels by time:
       D: 3385 daAuts
